 Dungeon Crawl Stone Soup version 0.22.1-1-ga44c0e5 (webtiles) character file.

252922 jerryfan the Grim Reaper (level 18, -5/172 HPs)
             Began as a Deep Dwarf Fighter on Oct 22, 2018.
             Was the Champion of Yredelemnul.
             Killed from afar by Boris (59 damage)
             ... with an iron shot
             ... on level 3 of the Vaults on Oct 27, 2018.
             The game lasted 05:11:55 (33535 turns).

jerryfan the Grim Reaper (Deep Dwarf Fighter)      Turns: 33535, Time: 05:11:56

Health: -5/172     AC: 31    Str: 26    XL:     18   Next: 98%
Magic:  12/12      EV: 12    Int: 11    God:    Yredelemnul [******]
Gold:   2877       SH: 15    Dex: 12    Spells: 17/17 levels left

rFire    + + +     SeeInvis .   t - +8 war axe of Joyful Slaughter {venom, Stlth+}
rCold    + . .     Gourm    .   c - +1 shield
rNeg     + . .     Faith    .   b - +7 plate armour {MR+}
rPois    +         Spirit   .   j - +0 helmet
rElec    +         Reflect  .   s - +1 cloak of Starlight {rElec rC+ EV+4 Stlth--}
rCorr    .         Harm     .   K - +0 pair of gloves
MR       +++..                  i - +0 pair of boots
Stlth    ..........             T - amulet of Joixydgh {RegenMP rPois rF+}
HPRegen  0.00/turn              n - ring of protection from fire
MPRegen  0.38/turn              P - ring of protection from fire

@: non-regenerating, drained
A: damage resistance, heal wounds, blurry vision 1, negative energy resistance
1, sense surroundings 3, no regeneration
}: 2/15 runes: barnacled, gossamer
a: Heal Wounds, Recall Undead Slaves, Injury Mirror, Animate Dead, Drain Life,
Enslave Soul, Renounce Religion


You were on level 3 of the Vaults.
You worshipped Yredelemnul.
Yredelemnul was exalted by your worship.
You were not hungry.

You visited 8 branches of the dungeon, and saw 36 of its levels.
You also visited: Labyrinth, Volcano and Wizlab.

You collected 3833 gold pieces.
You spent 956 gold pieces at shops.

Inventory:

Hand Weapons
 t - the +8 war axe of Joyful Slaughter (weapon) {venom, Stlth+}
   (You found it on level 5 of the Dungeon)

   It poisons the flesh of those it strikes.
   It makes you more stealthy.
 z - the +5 mace "Sasatt" {drain, rF- MR- Int+7}
   (You took it off a deep elf knight on level 1 of the Elven Halls)

   A truly terrible weapon, it drains the life of those it strikes.
   It affects your intelligence (+7).
   It makes you vulnerable to fire.
   It affects your resistance to hostile enchantments.
 M - a +7 vampiric demon whip
 O - the +11 battleaxe "Ygaots" {pain, Str+4 Stlth+}
   (You found it on level 4 of the Shoals)

   In the hands of one skilled in necromantic magic, it inflicts extra damage on
   living creatures.
   It affects your strength (+4).
   It makes you more stealthy.
 Y - the +3 morningstar "Plojy" {crush, rElec rPois rC+++ Str-3}
   (You found it on level 6 of the Lair of Beasts)

   It inflicts extra damage upon your enemies.
   It affects your strength (-3).
   It renders you almost immune to cold.
   It insulates you from electricity.
   It protects you from poison.
Missiles
 A - 5 exploding tomahawks (quivered)
Armour
 b - a +7 plate armour of magic resistance (worn)
 c - a +1 shield (worn)
 i - a +0 pair of boots (worn)
 j - a +0 helmet (worn)
 s - the +1 cloak of Starlight (worn) {rElec rC+ EV+4 Stlth--}
   (You found it in a wizard's laboratory)

   It affects your evasion (+4).
   It protects you from cold.
   It insulates you from electricity.
   It makes you much less stealthy.
 K - a +0 pair of gloves (worn)
Jewellery
 g - the ring "Dotalat" {Ice MR+ Int+4 Dex+6}
   (You bought it in a shop on level 2 of the Orcish Mines)

   [ring of ice]

   It enhances your ice magic.
   It affects your intelligence (+4).
   It affects your dexterity (+6).
   It makes you vulnerable to fire.
   It protects you from cold.
   It affects your resistance to hostile enchantments.
 n - a ring of protection from fire (left hand)
 q - an uncursed ring of protection from magic
 H - an uncursed ring of positive energy
 P - a ring of protection from fire (right hand)
 R - an uncursed ring of protection from cold
 T - the amulet of Joixydgh (around neck) {RegenMP rPois rF+}
   (You found it on level 6 of the Lair of Beasts)

   [amulet of magic regeneration]

   It increases your magic regeneration.
   It protects you from fire.
   It protects you from poison.
Wands
 a - a wand of digging (13)
 o - a wand of enslavement (50)
 C - a wand of iceblast (14)
 D - a wand of random effects (107)
 F - a wand of disintegration (26)
 J - a wand of flame (49)
 V - a wand of acid (5)
Scrolls
 e - 4 scrolls of magic mapping
 k - 25 scrolls of remove curse
 l - 28 scrolls of teleportation
 v - 2 scrolls of blinking
 w - 6 scrolls of identify
 B - 8 scrolls of immolation
 G - 2 scrolls of fog
 I - a scroll of summoning
 L - a scroll of fear
 S - a scroll of brand weapon
 Z - 2 scrolls of silence
Potions
 d - 5 potions of might
 h - 6 potions of curing
 m - a potion of ambrosia
 p - a potion of agility
 r - 2 potions of resistance {!q}
 u - a potion of brilliance
 x - 3 potions of invisibility
 y - 4 potions of flight
 N - 6 potions of haste
 Q - 6 potions of lignification
 W - a potion of magic
Miscellaneous
 E - a fan of gales
 U - a lamp of fire
 X - a sack of spiders
Comestibles
 f - 55 rations


   Skills:
 + Level 13.6(13.4) Fighting
 * Level 15.6(15.9) Axes
 - Level 7.0(11.5) Maces & Flails
 + Level 15.7(15.5) Armour
 + Level 15.6(15.4) Shields
 * Level 22.3(22.1) Invocations


You had 17 spell levels left.
You didn't know any spells.
Your spell library contained the following spells:

 Spells                   Type           Power        Failure   Level  Hunger
 Apportation              Tloc           #.....       93%         1    ##.....
 Beastly Appendage        Tmut           #.....       93%         1    ##.....
 Confusing Touch          Hex            #.....       93%         1    ##.....
 Corona                   Hex            #......      93%         1    ##.....
 Flame Tongue             Conj/Fire      #....        93%         1    ##.....
 Freeze                   Ice            #...         93%         1    ##.....
 Summon Butterflies       Summ           #.......     93%         1    ##.....
 Corpse Rot               Necr           N/A          98%         2    ###....
 Shroud of Golubria       Chrm/Tloc      #.........   98%         2    ###....
 Slow                     Hex            #.......     98%         2    ###....
 Sticks to Snakes         Tmut           #.......     98%         2    ###....
 Sublimation of Blood     Necr           #.........   98%         2    ###....
 Throw Flame              Conj/Fire      #.....       98%         2    ###....
 Throw Frost              Conj/Ice       #.....       98%         2    ###....
 Call Canine Familiar     Summ           #.......     100%        3    ####...
 Confuse                  Hex            #.......     100%        3    ####...
 Conjure Flame            Conj/Fire      #.......     100%        3    ####...
 Gell's Gravitas          Tloc           #.........   100%        3    ####...
 Inner Flame              Hex/Fire       #.......     100%        3    ####...
 Lesser Beckoning         Tloc           #.........   100%        3    ####...
 Ozocubu's Armour         Chrm/Ice       #.......     100%        3    ####...
 Portal Projectile        Hex/Tloc       #.....       100%        3    ####...
 Recall                   Summ/Tloc      N/A          100%        3    ####...
 Spider Form              Tmut/Pois      #.........   100%        3    ####...
 Teleport Other           Tloc           #.......     100%        3    ####...
 Cause Fear               Hex            #.........   100%        4    #####..
 Ice Form                 Ice/Tmut       #.......     100%        4    #####..
 Leda's Liquefaction      Hex/Erth       #.........   100%        4    #####..
 Passage of Golubria      Tloc           N/A          100%        4    #####..
 Petrify                  Tmut/Erth      #.......     100%        4    #####..
 Sticky Flame             Conj/Fire      #.......     100%        4    #####..
 Summon Ice Beast         Ice/Summ       #.......     100%        4    #####..
 Throw Icicle             Conj/Ice       #.......     100%        4    #####..
 Agony                    Necr           #.......     100%        5    ######.
 Blade Hands              Tmut           #.........   100%        5    ######.
 Bolt of Draining         Conj/Necr      #.........   100%        5    ######.
 Dispel Undead            Necr           #.......     100%        5    ######.
 Excruciating Wounds      Chrm/Necr      #.........   100%        5    ######.
 Fireball                 Conj/Fire      #.........   100%        5    ######.
 Metabolic Englaciation   Hex/Ice        #.........   100%        5    ######.
 Silence                  Hex/Air        #.........   100%        5    ######.
 Summon Forest            Summ/Tloc      #.........   100%        5    ######.
 Summon Mana Viper        Hex/Summ       #.......     100%        5    ######.
 Yara's Violent Unravell  Hex/Tmut       #.........   100%        5    ######.
 Deflect Missiles         Chrm/Air       #.........   100%        6    #######
 Malign Gateway           Summ/Tloc      #.........   100%        7    #######
 Summon Hydra             Summ           #.........   100%        7    #######
 Controlled Blink         Tloc           N/A          100%        8    #######
 Discord                  Hex            #.........   100%        8    #######


Dungeon Overview and Level Annotations

Branches:
Dungeon (14/15)            Temple (1/1) D:7            Lair (6/6) D:10
 Shoals (4/4) Lair:2       Spider (4/4) Lair:3        Slime (0/5) Lair:5
    Orc (2/2) D:11            Elf (2/3) Orc:2        Vaults (3/5) D:14
  Crypt (0/3) Vaults:2

Altars:
Ashenzari
Cheibriados
Dithmenos
Elyvilon
Fedhas
Gozag
Hepliaklqana
Kikubaaqudgha
Makhleb
Nemelex Xobeh
Okawaru
Qazlal
Ru
Sif Muna
Trog
Uskayaw
Vehumet
Wu Jian
Xom
Yredelemnul
Zin
The Shining One
Beogh
Lugonu

Shops:
D:8 }   D:11 (   Orc:2 [*(=   Elf:2 =}}   Vaults:2 (   Vaults:3 (

Portals:
Trove: D:13 (give 4 potions of resistance)

Annotations:
D:3 exclusion: downstairs
D:5 exclusion: downstairs
D:6 exclusion: downstairs
D:9 exclusion: door
Shoals:3 exclusion: 2 downstairs
Vaults:3 Boris


Innate Abilities, Weirdness & Mutations

You are resistant to damage.
You can heal yourself by infusing magical energy.
You resist negative energy. (rN+)
You passively map a large area around you.
You do not regenerate.
Scrolls take you a little longer to read.


Message History

You closely miss something.
Your bone dragon bites something!
Your bone dragon claws something but does no damage.
Your bone dragon misses something.
You hit something. Something hits you but does no damage.
Something touches you. You partially resist.
You feel drained.
Your bone dragon bites something!!
Your bone dragon claws something but does no damage.
Your bone dragon tramples something but does no damage.
Your skeletal warrior hits something but does no damage.
You slash something!
Something conjures a glowing orb.
The wavering orb of destruction weakly hits you!
Your bone dragon bites something!!
Your bone dragon claws something!
Your bone dragon tramples something.
Something stumbles backwards!
You hit something but do no damage.
You hear some strange, mumbled words.
An iron shot appears from out of thin air!
The iron shot hits you!
You die...
Your body rises from the dead as a mindless zombie.

#####''## ##
###
#...##.#*...#
*
#...##.##...#
#...).......#
###.).....##
###.)))...###
#....zz.....#
* *
###.zzz.n.###
, #.Vz@W..# ,
,
#....DD.....+
, *
#...##.##...+
, *, , ,+...
#.#*...+, ,
,, ,, ,####
### *### ,, ,
, , * , , ,,
,,, , , ,,* *
,, ,


You could see 2 friendly bone dragons, a friendly ghoul, a friendly vampire
knight (invisible), 6 friendly skeletal warriors and a friendly flayed ghost.

Vanquished Creatures
  Saint Roka (Vaults:3)
  A lich (Vaults:1)
  A fire giant (Vaults:1)
  2 ghost moths (Spider:4)
  An emperor scorpion (Spider:4)
  Louise (Spider:3)
  An orc warlord (Orc:2)
  An ironheart preserver (Vaults:2)
  A vampire knight (Vaults:3)
  2 dire elephants (Lair:6)
  A minotaur (Lab)
  An eidolon (WizLab)
  A merfolk javelineer (Shoals:4)
  Snorg (D:11)
  5 merfolk impalers
  Josephine (Lair:6)
  The ghost of
  1994 the Convoker, a journeyman DESu of Sif Muna (Elf:1)
  2 yaktaur captains (Vaults:1)
  2 hydras
  A rakshasa (WizLab)
  2 vault guards (Vaults:2)
  A catoblepas (Lair:4)
  Erica (D:11)
  An alligator snapping turtle (Shoals:2)
  2 death knights (Vaults:2)
  3 ogre magi (Vaults:1)
  4 centaur warriors
  7 two-headed ogres
  2 satyrs
  8 dancing weapons (Elf:2)
  5 death yaks
  A deep troll earth mage (Vaults:2)
  A thrashing horror (WizLab)
  An orc high priest (Elf:2)
  A sun demon (WizLab)
  3 deep elf knights
  A sixfirhy (WizLab)
  A shadow wraith (Vaults:2)
  6 sea snakes
  A glowing orange brain (Vaults:2)
  6 deep trolls
  4 deep elf archers
  2 lindwurms (Lair:6)
  An obsidian statue (WizLab)
  2 wizards
  5 ironbrand convokers
  17 deep elf magi
  3 orc knights
  5 wolf spiders
  2 orb spiders
  2 orc sorcerers
  3 moths of wrath
  6 fauns
  3 cyclopes
  4 manticores
  5 black mambas
  A merfolk siren (Shoals:3)
  8 ugly things
  11 elephants
  A smoke demon (WizLab)
  An orange demon (WizLab)
  2 water nymphs
  2 vault sentinels
  8 spiny frogs
  A torpor snail (Lair:6)
  A rime drake (Lair:6)
  A freezing wraith (Vaults:2)
  2 centaur skeletons (D:10)
  A komodo dragon (D:11)
  5 yaktaurs
  3 demonic crawlers
  A hellwing (WizLab)
  A harpy zombie (Shoals:4)
  11 merfolk
  6 trolls
  7 polar bears
  3 meliai (Spider:3)
  2 meliai (shapeshifter)
  6 jumping spiders
  A queen bee (Spider:3)
  A raiju (Lair:6)
  A hornet (Vaults:1)
  2 wind drakes
  6 slime creatures
  16 blink frogs
  3 snapping turtles
  Prince Ribbit (D:9)
  2 dream sheep (Lair:6)
  A meliai zombie (D:14)
  8 hippogriffs
  34 redbacks
  A spriggan (Lair:3)
  6 wyverns
  9 tarantellas
  An air elemental (Elf:2)
  21 yaks
  4 wraiths
  5 water elementals
  An ettin skeleton (WizLab)
  A yak (shapeshifter) (Vaults:1)
  2 fire elementals
  A hog (shapeshifter) (D:13)
  5 vampire mosquitoes
  2 basilisks
  A chaos spawn (WizLab)
  6 wargs
  An insubstantial wisp (WizLab)
  9 hell hounds (Lair:6)
  A large abomination (WizLab)
  5 water moccasins
  23 orc warriors
  4 porcupines
  A sky beast (D:7)
  4 black bears (Lair:6)
  2 phantoms
  A blink frog zombie (WizLab)
  4 boggarts
  3 ice beasts
  13 ogres
  A necrophage (D:7)
  14 wolves
  5 centaurs
  A big kobold (D:11)
  10 crocodiles
  10 bullfrogs
  6 gnoll sergeants
  8 scorpions
  17 killer bees
  6 electric eels
  2 wights (D:12)
  2 howler monkeys
  A centaur zombie (D:7)
  4 lava snakes (Lab)
  6 crimson imps
  A jelly (D:6)
  17 orc priests
  2 bullfrog skeletons
  3 hounds
  An iron imp (WizLab)
  19 orc wizards
  5 iguanas
  11 worker ants
  2 hound zombies
  2 hound skeletons
  9 gnolls
  13 adders
  A shadow imp (D:13)
  3 oozes
  2 adder skeletons
  A worm (D:2)
  4 dart slugs
  9 leopard geckos
  71 orcs
  7 giant cockroaches
  6 goblins
  7 hobgoblins
  5 jackals
  3 quokkas
  A bat (D:1)
  4 frilled lizards
  2 jackal skeletons
  9 kobolds
  2 leopard gecko skeletons
  A quokka zombie (D:5)
  7 rats
  6 fungi
  A lurking horror (WizLab)
  24 plants
  3 tentacles (Shoals:1)
805 creatures vanquished.

Vanquished Creatures (collateral kills)
  Margery (Vaults:2)
  A tentacled monstrosity (WizLab)
  An eldritch tentacle (WizLab)
  A kraken (Shoals:1)
  Agnes (Spider:4)
  A shadow dragon (Vaults:1)
  3 ghost moths (Spider:4)
  7 emperor scorpions
  3 vault wardens (Vaults:2)
  A balrug (WizLab)
  A reaper (WizLab)
  5 ironheart preservers
  3 entropy weavers
  The ghost of Jideoff the Thaumaturge, a journeyman GnEE of Cheibriados (Lair:4)
  3 spark wasps
  A dire elephant (Lair:3)
  A yellow draconian (WizLab)
  An ettin (Vaults:1)
  A crystal guardian (Vaults:2)
  3 merfolk javelineers (Shoals:4)
  7 merfolk impalers
  A deep elf death mage (Elf:1)
  A deep elf high priest (Elf:1)
  2 great orbs of eyes
  Erolcha (D:11)
  A yaktaur captain (Vaults:2)
  An ogre mage (D:14)
  A rakshasa (WizLab)
  4 vault guards
  2 hydras
  5 merfolk avatars
  A catoblepas (D:14)
  An alligator snapping turtle (Shoals:4)
  2 death knights (Vaults:2)
  2 two-headed ogres
  6 merfolk aquamancers
  3 centaur warriors
  A satyr (Shoals:2)
  17 dancing weapons
  A death yak (Lair:6)
  4 tengu warriors
  2 deep troll shamans (Vaults:2)
  An orc high priest (Orc:2)
  A thrashing horror (WizLab)
  6 deep elf knights
  6 hell knights (Vaults:2)
  7 deep trolls
  A shadow wraith (Vaults:2)
  A death drake (shapeshifter) (Vaults:1)
  10 sea snakes
  A flayed ghost (Vaults:2)
  An unseen horror (D:13)
  5 deep elf archers
  An anaconda skeleton (WizLab)
  5 orc knights
  6 harpies
  2 ironbrand convokers
  22 wolf spiders
  11 orb spiders
  17 deep elf magi
  8 cyclopes
  5 orc sorcerers
  13 manticores
  7 fauns
  6 merfolk sirens
  A moth of wrath (shapeshifter) (Elf:1)
  13 ugly things
  A guardian serpent (WizLab)
  A centaur zombie (D:13)
  6 elephants
  A water nymph (Shoals:4)
  An orange demon (WizLab)
  2 torpor snails
  5 vault sentinels
  An eye of devastation (Lair:5)
  4 spiny frogs
  2 rime drakes
  10 yaktaurs
  2 kobold demonologists
  A gargoyle (D:12)
  2 freezing wraiths (Vaults:2)
  2 komodo dragons
  An ice devil (WizLab)
  7 demonic crawlers
  20 merfolk
  20 jumping spiders
  A troll (Vaults:1)
  3 polar bears (Lair:6)
  6 blink frogs
  8 hornets
  5 wind drakes
  5 slime creatures
  9 snapping turtles
  10 dream sheep
  4 hippogriffs
  A flying skull (Lair:4)
  42 redbacks
  18 water elementals
  A vampire (D:14)
  A spriggan (shapeshifter) (Elf:2)
  30 tarantellas
  A wyvern (Lair:6)
  3 basilisks
  4 wraiths
  3 air elementals
  24 yaks
  A human (D:14)
  3 wargs
  5 vampire mosquitoes
  3 spatial vortices (WizLab)
  3 water moccasins
  An acid dragon (Vaults:2)
  9 hell hounds
  20 orc warriors
  4 porcupines
  A swamp drake (Lair:3)
  7 black bears (Lair:6)
  2 eyes of draining
  2 phantoms
  5 ogres
  5 boggarts (Vaults:2)
  8 wolves
  An orc skeleton (WizLab)
  3 crocodiles
  A big kobold (D:14)
  5 bullfrogs
  An earth elemental (Elf:2)
  7 killer bees (Spider:3)
  2 wights (D:12)
  6 electric eels
  2 crimson imps (D:12)
  A quasit (D:14)
  A yaktaur simulacrum (Vaults:1)
  7 orc priests
  9 orc wizards
  2 iguanas (D:13)
  A worker ant (D:14)
  3 gnolls
  An adder (D:12)
  A shadow imp (D:13)
  20 orcs
  2 kobolds (D:14)
  51 fungi
  83 plants
  A tentacle (Shoals:1)
821 creatures vanquished.

Vanquished Creatures (others)
  A bone dragon (Vaults:2)
  2 ghouls
  3 vampire knights
  A minotaur (Lair:4)
  A spectral elf (Elf:2)
  A skeletal warrior (Shoals:4)
  3 flayed ghosts
  7 phantasmal warriors
  3 ugly thing zombies (Vaults:2)
  A fire giant zombie (Vaults:1)
  A spectral orc (Shoals:4)
  4 yaktaur zombies (Vaults:2)
  A redback zombie (Spider:2)
  A death yak zombie (D:10)
  A catoblepas zombie (Lair:4)
  A harpy zombie (Shoals:3)
  6 sea snake zombies
  A deep troll zombie (Vaults:2)
  A guardian serpent zombie (WizLab)
  2 satyr zombies (Shoals:2)
  2 flying skulls
  3 black mamba zombies
  6 vampires
  2 wind drake zombies
  3 wraiths
  7 faun zombies
  7 human zombies
  8 merfolk zombies
  A spiny frog zombie (Lair:1)
  A manticore zombie (Shoals:1)
  3 snapping turtle zombies
  3 elephant zombies
  2 blink frog zombies
  4 elephant skeletons
  3 hippogriff zombies
  2 wyvern zombies
  An elf skeleton (D:12)
  12 hell hound zombies (Lair:6)
  2 water moccasin zombies
  2 warg zombies (Lair:6)
  4 polar bear zombies (Lair:6)
  A killer bee (Spider:3)
  5 yak zombies
  2 wights
  A yak skeleton (D:9)
  5 wolf zombies
  2 wolf skeletons
  A basilisk zombie (Lair:6)
  A centaur zombie (D:8)
  8 black bear zombies (Lair:6)
  A bullfrog zombie (D:10)
  A human skeleton (D:12)
  2 porcupine zombies
  3 killer bee zombies
  2 crocodile zombies (Lair:6)
  2 ogre zombies
  A hound zombie (D:9)
  A mummy (Lair:6)
  A worker ant zombie (D:10)
  A howler monkey zombie (D:10)
  2 gnoll zombies (D:11)
  2 adder zombies (D:8)
  An electric eel zombie (D:9)
  12 orc zombies
  3 orcs
  2 gnoll skeletons (D:8)
  A leopard gecko skeleton (D:9)
  An orc skeleton (D:12)
  A crawling corpse (Elf:2)
  36 fungi
  17 plants
  30 tentacles
269 creatures vanquished.

Grand Total: 1895 creatures vanquished

Notes
Turn   | Place    | Note
-------+----------+-------------------------------------------
     0 | D:1      | jerryfan the Deep Dwarf Fighter began the quest for the
                  | Orb.
     0 | D:1      | Reached XP level 1. HP: 20/20 MP: 1/1
   168 | D:1      | Reached XP level 2. HP: 27/27 MP: 2/2
   338 | D:1      | Reached XP level 3. HP: 34/34 MP: 3/3
   850 | D:2      | Reached XP level 4. HP: 27/42 MP: 4/4
  1124 | D:2      | Found a sparkling altar of Nemelex Xobeh.
  1125 | D:2      | Found an opulent altar of Gozag.
  1249 | D:3      | Found a shadowy altar of Dithmenos.
  1249 | D:3      | Found a sacrificial altar of Ru.
  1249 | D:3      | Found an iron altar of Okawaru.
  1250 | D:3      | Found a glowing golden altar of the Shining One.
  1449 | D:3      | Found a shimmering altar of Xom.
  2137 | D:4      | Noticed an orc warrior
  2200 | D:4      | Reached XP level 5. HP: 41/49 MP: 5/5
  2677 | D:4      | Noticed a phantom
  2691 | D:4      | Killed a phantom
  2691 | D:4      | Reached XP level 6. HP: 52/57 MP: 6/6
  3013 | D:5      | Entered Level 5 of the Dungeon
  3074 | D:5      | Got a crystal war axe
  3083 | D:5      | Identified the +8 war axe of Joyful Slaughter {venom,
                  | Stlth+} (You found it on level 5 of the Dungeon)
  3154 | D:5      | Reached skill level 5 in Armour
  3154 | D:5      | Reached skill level 5 in Shields
  3178 | D:5      | Reached XP level 7. HP: 45/66 MP: 7/7
  3221 | D:5      | Found a white marble altar of Elyvilon.
  3248 | D:5      | Found a hazy altar of Hepliaklqana.
  3532 | D:6      | Reached skill level 5 in Axes
  3714 | D:6      | Reached skill level 5 in Fighting
  3714 | D:6      | Reached XP level 8. HP: 52/74 MP: 7/7
  4513 | D:7      | Found a staircase to the Ecumenical Temple.
  4519 | Temple   | Entered the Ecumenical Temple
  4540 | Temple   | Became a worshipper of Yredelemnul the Dark
  4581 | D:7      | Reached skill level 1 in Invocations
  4581 | D:7      | Gained mutation: You passively map the area around you.
                  | [Deep Dwarf growth]
  4581 | D:7      | Reached XP level 9. HP: 29/82 MP: 7/7
  4619 | D:7      | Reached skill level 2 in Invocations
  4747 | D:7      | Reached skill level 3 in Invocations
  4761 | D:7      | Got a transparent war axe {speed}
  4762 | D:7      | Identified the cursed +2 war axe of Ascent {speed, rC- rN+
                  | SInv} (You took it off an orc wizard on level 7 of the
                  | Dungeon)
  4842 | D:7      | Reached * piety under Yredelemnul
  4883 | D:7      | Reached skill level 4 in Invocations
  4962 | D:7      | Reached skill level 5 in Invocations
  5128 | D:8      | Found an ornate altar of the Wu Jian Council.
  5281 | D:8      | Found Talyil's Gadget Boutique.
  5363 | D:8      | Found a radiant altar of Vehumet.
  5463 | D:8      | Found a snail-covered altar of Cheibriados.
  5521 | D:8      | Reached skill level 6 in Invocations
  5525 | D:8      | Reached ** piety under Yredelemnul
  5868 | D:9      | Noticed Prince Ribbit
  5872 | D:9      | Reached XP level 10. HP: 32/92 MP: 10/12
  5893 | D:9      | Killed Prince Ribbit
  5997 | D:9      | Reached skill level 7 in Invocations
  6038 | D:9      | Found a deep blue altar of Sif Muna.
  6050 | D:9      | Found a hide-covered altar of Uskayaw.
  6053 | D:9      | Found a bloodstained altar of Trog.
  6076 | D:9      | Found a glowing silver altar of Zin.
  6292 | D:9      | Noticed a two-headed ogre
  6724 | D:10     | Entered Level 10 of the Dungeon
  6767 | D:10     | Reached skill level 8 in Invocations
  7086 | D:10     | Noticed a death yak
  7210 | D:10     | Noticed Nergalle
  7298 | D:10     | Found a staircase to the Lair.
  7298 | D:10     | Noticed a death yak
  7298 | D:10     | Noticed a death yak
  7336 | D:11     | Reached skill level 9 in Invocations
  7340 | D:11     | Noticed Snorg
  7385 | Lair:1   | Entered Level 1 of the Lair of Beasts
  7385 | Lair:1   | Noticed an eight-headed hydra
  7395 | Lair:1   | Killed a nine-headed hydra
  7479 | Lair:1   | Reached XP level 11. HP: 50/102 MP: 15/15
  7574 | Lair:1   | Reached *** piety under Yredelemnul
  7985 | Lair:1   | Found a dark tunnel.
  7994 | Volcano  | Entered a volcano
  8359 | Lair:2   | Reached skill level 10 in Invocations
  8514 | Lair:2   | Found a staircase to the Shoals.
  9354 | Lair:3   | Noticed an eight-headed hydra
  9364 | Lair:3   | Killed a nine-headed hydra
  9364 | Lair:3   | Reached skill level 11 in Invocations
  9508 | Lair:3   | Reached skill level 10 in Armour
  9508 | Lair:3   | Reached **** piety under Yredelemnul
  9508 | Lair:3   | Reached skill level 10 in Shields
  9559 | Lair:3   | Reached XP level 12. HP: 82/112 MP: 17/17
  9585 | Lair:3   | Reached skill level 10 in Axes
  9588 | Lair:3   | Reached skill level 12 in Invocations
  9602 | Lair:3   | Received a gift from Yredelemnul (a wight)
  9846 | Lair:3   | Found a hole to the Spider Nest.
  9851 | Lair:3   | Noticed a dire elephant
  9867 | Lair:3   | Killed a dire elephant
  9920 | Lair:3   | Identified a scroll of acquirement
  9931 | Lair:3   | Noticed a six-headed hydra
  9937 | Lair:3   | Killed an eight-headed hydra
 10571 | Lair:4   | Noticed a catoblepas
 10588 | Lair:4   | Killed a catoblepas
 10623 | Lair:4   | Reached skill level 13 in Invocations
 10887 | Lair:4   | Received a gift from Yredelemnul (3 flying skulls)
 11119 | Lair:4   | Noticed a minotaur
 11148 | Lair:4   | Found a runed gate.
 11148 | Lair:4   | Found a runed gate.
 11148 | Lair:4   | Found a runed gate.
 11178 | Lair:4   | Noticed Jideoff's ghost (journeyman GnEE)
 11195 | Lair:4   | Killed a minotaur
 11204 | Lair:4   | Killed Jideoff's ghost
 11682 | Lair:5   | Received a gift from Yredelemnul (a wraith)
 11704 | Lair:5   | Found a staircase to the Slime Pits.
 11775 | Lair:5   | Noticed a seven-headed hydra
 11781 | Lair:5   | Killed a nine-headed hydra
 12264 | Lair:6   | Entered Level 6 of the Lair of Beasts
 12271 | Lair:6   | Reached XP level 13. HP: 100/121 MP: 19/19
 12289 | Lair:6   | Got a scorched sapphire amulet
 12290 | Lair:6   | Identified the amulet of Joixydgh {RegenMP rPois rF+} (You
                  | found it on level 6 of the Lair of Beasts)
 12379 | Lair:6   | Received a gift from Yredelemnul (a mummy)
 12426 | Lair:6   | Noticed Josephine
 12441 | Lair:6   | Killed Josephine
 12446 | Lair:6   | Reached skill level 14 in Invocations
 12684 | Lair:6   | Your ally Josephine died
 12684 | Lair:6   | Noticed a dire elephant
 12689 | Lair:6   | Reached ***** piety under Yredelemnul
 12848 | Lair:6   | Received a gift from Yredelemnul (a vampire)
 12919 | Lair:6   | Received a gift from Yredelemnul (a wight)
 12967 | Lair:6   | Got a spiked large shield
 12985 | Lair:6   | Identified the +3 large shield "Avirgheica" {*Corrode
                  | Slay+2 SInv} (You found it on level 6 of the Lair of
                  | Beasts)
 13010 | Lair:6   | Reached skill level 15 in Invocations
 13047 | Lair:6   | Reached skill level 10 in Fighting
 13054 | Lair:6   | Received a gift from Yredelemnul (a wraith)
 13596 | Lair:6   | Killed a dire elephant
 13621 | Lair:6   | Noticed a dire elephant
 13636 | Lair:6   | Killed a dire elephant
 13685 | Lair:6   | Identified the +3 morningstar "Plojy" {crush, rElec rPois
                  | rC+++ Str-3} (You found it on level 6 of the Lair of
                  | Beasts)
 14087 | D:10     | Received a gift from Yredelemnul (a phantasmal warrior)
 14413 | D:10     | Killed Nergalle
 14413 | D:10     | Enslaved Nergalle
 14506 | D:11     | Found a staircase to the Orcish Mines.
 14520 | D:11     | Gained mutation: You resist negative energy. (rN+) [Deep
                  | Dwarf growth]
 14520 | D:11     | Reached XP level 14. HP: 97/132 MP: 15/20
 14520 | D:11     | Received a gift from Yredelemnul (a phantasmal warrior)
 14649 | D:11     | Noticed Erica
 14659 | D:11     | Killed Erica
 14696 | D:11     | Noticed Erolcha
 14700 | D:11     | Killed Erolcha
 14858 | D:11     | Found Lumaolesm's Weapon Emporium.
 14920 | D:11     | Received a gift from Yredelemnul (a skeletal warrior)
 14943 | D:11     | Killed Snorg
 15428 | D:12     | Reached skill level 16 in Invocations
 15561 | D:12     | Received a gift from Yredelemnul (a phantasmal warrior)
 16916 | D:13     | Found a portal to a secret trove of treasure.
 17375 | Orc:1    | Entered Level 1 of the Orcish Mines
 17453 | Orc:1    | Received a gift from Yredelemnul (a phantasmal warrior)
 17546 | Orc:1    | Found a roughly hewn altar of Beogh.
 17932 | Orc:2    | Entered Level 2 of the Orcish Mines
 18028 | Orc:2    | Found a roughly hewn altar of Beogh.
 18032 | Orc:2    | Noticed an orc warlord
 18044 | Orc:2    | Received a gift from Yredelemnul (a skeletal warrior)
 18044 | Orc:2    | Killed an orc warlord
 18050 | Orc:2    | Found Wicsylli's Jewellery Shoppe.
 18075 | Orc:2    | Found a labyrinth entrance.
 18084 | Lab      | Entered a labyrinth
 18302 | Orc:2    | Received a gift from Yredelemnul (a wraith)
 18302 | Orc:2    | Received a gift from Yredelemnul (a vampire)
 18364 | Orc:2    | Found Tair's Antique Armour Shoppe.
 18380 | Orc:2    | Found Yhuopu's General Store.
 18415 | Orc:2    | Found Teanargh's Antique Weapon Shoppe.
 18423 | Orc:2    | Bought a dazzling battleaxe for 253 gold pieces
 18423 | Orc:2    | Identified the +5 battleaxe of Baxigo {chop, +Fly Dex+3}
                  | (You bought it in a shop on level 2 of the Orcish Mines)
 18567 | Orc:2    | Found a staircase to the Elven Halls.
 18792 | Orc:2    | Bought the ring "Dotalat" {Ice MR+ Int+4 Dex+6} for 703
                  | gold pieces
 18955 | Shoals:1 | Entered Level 1 of the Shoals
 18962 | Shoals:1 | Noticed a kraken
 19067 | Shoals:1 | Reached skill level 17 in Invocations
 19368 | Shoals:1 | Killed a kraken
 19705 | Shoals:2 | Reached XP level 15. HP: 120/141 MP: 6/15
 19918 | Shoals:2 | Reached ****** piety under Yredelemnul
 20097 | Shoals:2 | Received a gift from Yredelemnul (a vampire knight)
 20644 | Shoals:3 | Received a gift from Yredelemnul (a vampire)
 20698 | Shoals:3 | Received a gift from Yredelemnul (a ghoul)
 20748 | Shoals:3 | Reached skill level 18 in Invocations
 21116 | Shoals:3 | Noticed a kraken
 21250 | Shoals:4 | Entered Level 4 of the Shoals
 21279 | Shoals:4 | Received a gift from Yredelemnul (a vampire knight)
 21512 | Shoals:4 | Got a bloodstained battleaxe
 21781 | Shoals:4 | Received a gift from Yredelemnul (a ghoul)
 21846 | Shoals:4 | Your ally Nergalle died
 21921 | Shoals:4 | Got a scorched ring mail
 22112 | Shoals:4 | Received a gift from Yredelemnul (a skeletal warrior)
 22145 | Shoals:4 | Got a barnacled rune of Zot
 22193 | Shoals:4 | Identified the +11 battleaxe "Ygaots" {pain, Str+4 Stlth+}
                  | (You found it on level 4 of the Shoals)
 22531 | Elf:1    | Entered Level 1 of the Elven Halls
 22549 | Elf:1    | Reached XP level 16. HP: 143/152 MP: 14/14
 22819 | Elf:1    | Found a runed door.
 22823 | Elf:1    | Noticed 1994's ghost (journeyman DESu)
 22836 | Elf:1    | Killed 1994's ghost
 23034 | Elf:1    | Reached skill level 19 in Invocations
 23034 | Elf:1    | Received a gift from Yredelemnul (a vampire knight)
 23065 | Elf:1    | Got an uncursed brightly glowing mace {drain}
 23066 | Elf:1    | Identified the +5 mace "Sasatt" {drain, rF- MR- Int+7} (You
                  | took it off a deep elf knight on level 1 of the Elven
                  | Halls)
 23125 | Elf:1    | Identified the cursed +0 ring mail "Rumesa" {rPois MR+}
                  | (You found it on level 4 of the Shoals)
 23657 | Elf:2    | Received a gift from Yredelemnul (a profane servitor)
 23718 | Elf:2    | Found a magical portal.
 23744 | WizLab   | Entered The Roulette of Golubria
 23744 | WizLab   | Found a transporter.
 23753 | WizLab   | Found a corrupted altar of Lugonu.
 23754 | WizLab   | Found the +1 cloak of Starlight {rElec rC+ EV+4 Stlth--}
 23819 | WizLab   | Found a transporter.
 23874 | WizLab   | Received a gift from Yredelemnul (a bone dragon)
 23948 | WizLab   | Found a transporter.
 23956 | WizLab   | Found a transporter.
 24052 | WizLab   | Found a transporter.
 24060 | WizLab   | Found a transporter.
 24060 | WizLab   | Found a transporter.
 24086 | WizLab   | Identified Diste's Reference Book on the Compass
 24095 | WizLab   | Found a transporter.
 24095 | WizLab   | Found a transporter.
 24130 | WizLab   | Found a transporter.
 24149 | WizLab   | Found a transporter.
 24149 | WizLab   | Found a transporter.
 24176 | WizLab   | Identified Golubria's Guide on the Traveller
 24200 | WizLab   | Found a transporter.
 24200 | WizLab   | Found a transporter.
 24236 | WizLab   | Noticed a tentacled monstrosity
 24236 | WizLab   | Found a transporter.
 24236 | WizLab   | Found a transporter.
 24242 | WizLab   | Killed a tentacled monstrosity
 24246 | WizLab   | Received a gift from Yredelemnul (a bone dragon)
 24412 | WizLab   | Found a transporter.
 24412 | WizLab   | Found a transporter.
 24422 | WizLab   | Gained mutation: Scrolls take you a little longer to read.
                  | [a neqoxec]
 24483 | WizLab   | Got a crude cloak
 24491 | WizLab   | Identified the cursed +0 cloak of the Invisible Hand
                  | {rElec} (You found it in a wizard's laboratory)
 24572 | WizLab   | Found a transporter.
 24572 | WizLab   | Found a transporter.
 25163 | Elf:2    | Reached skill level 1 in Maces & Flails
 25265 | Elf:2    | Found Qefomali's Gadget Shop.
 25267 | Elf:2    | Found Eruleint's Jewellery Shoppe.
 25268 | Elf:2    | Found Iwnek's Gadget Shop.
 25368 | Elf:2    | Found a huge runed gate.
 25368 | Elf:2    | Found a huge runed gate.
 25369 | Elf:2    | Found a huge runed gate.
 25371 | Elf:2    | Received a gift from Yredelemnul (a flayed ghost)
 25372 | Elf:2    | Found a huge runed gate.
 25375 | Elf:2    | Found a huge runed gate.
 25558 | Elf:2    | Reached skill level 20 in Invocations
 26096 | Spider:1 | Entered Level 1 of the Spider Nest
 26320 | Spider:1 | Received a gift from Yredelemnul (a phantasmal warrior)
 26512 | Spider:1 | Received a gift from Yredelemnul (a vampire)
 26577 | Spider:1 | Reached XP level 17. HP: 157/162 MP: 10/10
 26997 | Spider:2 | Received a gift from Yredelemnul (a skeletal warrior)
 27583 | Spider:3 | Received a gift from Yredelemnul (a flayed ghost)
 27703 | Spider:3 | Reached skill level 5 in Maces & Flails
 27731 | Spider:3 | Received a gift from Yredelemnul (a vampire knight)
 27870 | Spider:3 | Noticed Louise
 27892 | Spider:3 | Received a gift from Yredelemnul (a phantasmal warrior)
 27903 | Spider:3 | Killed Louise
 28853 | Spider:4 | Entered Level 4 of the Spider Nest
 28881 | Spider:4 | Received a gift from Yredelemnul (a vampire)
 28956 | Spider:4 | Killed Agnes
 29309 | Spider:4 | Received a gift from Yredelemnul (a flayed ghost)
 29357 | Spider:4 | Received a gift from Yredelemnul (a skeletal warrior)
 29548 | Spider:4 | Reached skill level 21 in Invocations
 29586 | Spider:4 | Got a gossamer rune of Zot
 29965 | D:14     | Reached skill level 15 in Armour
 30042 | D:14     | Received a gift from Yredelemnul (a vampire knight)
 30053 | D:14     | Found a gate to the Vaults.
 30055 | D:14     | Received a gift from Yredelemnul (a ghoul)
 30758 | D:14     | Received a gift from Yredelemnul (a skeletal warrior)
 31013 | Vaults:1 | Entered Level 1 of the Vaults
 31280 | Vaults:1 | Reached skill level 15 in Shields
 31289 | Vaults:1 | Noticed a lich
 31297 | Vaults:1 | Gained mutation: You passively map a large area around you.
                  | [Deep Dwarf growth]
 31297 | Vaults:1 | Reached XP level 18. HP: 138/171 MP: 9/11
 31306 | Vaults:1 | Killed a lich
 31312 | Vaults:1 | Paralysed by a floating eye for 2 turns
 31376 | Vaults:1 | Received a gift from Yredelemnul (a phantasmal warrior)
 31887 | Vaults:1 | Received a gift from Yredelemnul (a flayed ghost)
 32312 | Vaults:2 | Received a gift from Yredelemnul (a vampire)
 32599 | Vaults:2 | Found Yban's Weapon Shop.
 32607 | Vaults:2 | Reached skill level 15 in Axes
 32766 | Vaults:2 | Noticed Margery
 32778 | Vaults:2 | Reached skill level 22 in Invocations
 32781 | Vaults:2 | Killed Margery
 32787 | Vaults:2 | Received a gift from Yredelemnul (a skeletal warrior)
 32903 | Vaults:2 | Received a gift from Yredelemnul (a bone dragon)
 33293 | Vaults:2 | Found a staircase to the Crypt.
 33385 | Vaults:3 | Noticed Saint Roka
 33398 | Vaults:3 | Killed Saint Roka
 33483 | Vaults:3 | Found Zimiw's Antique Weapon Emporium.
 33515 | Vaults:3 | Noticed Boris
 33535 | Vaults:3 | Killed from afar by Boris

Skill      XL: |  1  2  3  4  5  6  7  8  9 10 11 12 13 14 15 16 17 18 |
---------------+-------------------------------------------------------+-----
Fighting       | 3 4 5 6 7 8 9 10 11 12 13 | 13.6
Axes           | 3 4 5 6 7 8 9 10 11 12 13 14 15 | 15.6
Armour         | 4 5 6 7 8 9 10 11 12 13 14 15 | 15.7
Shields        | 4 5 6 7 8 9 10 11 12 13 14 15 | 15.6
Invocations    | 1 6 9 11 13 15 17 18 20 21 22 | 22.3
Maces & Flails | 3 7 |  7.0

Action                   |  1- 3 |  4- 6 |  7- 9 | 10-12 | 13-15 | 16-18 || total
-------------------------+-------+-------+-------+-------+-------+-------++-------
Melee: War axe           |    84 |   146 |   241 |   379 |   911 |   868 ||  2629
       Demon whip        |       |       |       |       |       |    83 ||    83
Throw: Tomahawk          |       |       |       |       |       |     1 ||     1
Invok: Animate Remains   |       |       |    11 |    11 |       |       ||    22
       Recall Undead Sla |       |       |       |    11 |    22 |    18 ||    51
       Animate Dead      |       |       |       |    40 |   102 |    62 ||   204
       Drain Life        |       |       |       |       |    20 |    11 ||    31
       Enslave Soul      |       |       |       |       |     1 |     2 ||     3
 Abil: Heal Wounds       |     1 |     2 |     5 |    20 |    36 |    30 ||    94
       Evoke Flight      |       |     1 |     1 |     2 |     1 |       ||     5
Evoke: Wand              |       |       |     1 |    26 |    21 |    14 ||    62
       Fan of gales      |       |       |       |     1 |       |     1 ||     2
       Phantom mirror    |       |       |       |     1 |       |       ||     1
       Lamp of fire      |       |       |       |       |     2 |     2 ||     4
       Sack of spiders   |       |       |       |       |       |     2 ||     2
  Use: Scroll            |       |     5 |    10 |     4 |    22 |    19 ||    60
       Potion            |       |       |    12 |     4 |     7 |     4 ||    27
 Stab: Sleeping          |       |       |     1 |     2 |     1 |       ||     4
       Distracted        |       |       |     1 |     6 |    20 |    21 ||    48
       Paralysed         |       |       |       |       |     3 |     6 ||     9
  Eat: Chunk             |       |     5 |    20 |    27 |    38 |    34 ||   124
       Ration            |       |     1 |       |     3 |    10 |    11 ||    25
Armor: Scale mail        |    24 |    54 |    20 |       |       |       ||    98
       Quicksilver drago |       |       |    58 |   191 |   405 |       ||   654
       Plate armour      |       |       |       |       |    40 |   482 ||   522
Dodge: Dodged            |    25 |    45 |    62 |   130 |   309 |   295 ||   866
Block: Shield            |    38 |    63 |   122 |   236 |   757 |   658 ||  1874
